 Dungeon Sprint DCSS version 0.28.0-49-g6dfe1f597d (webtiles) character file.

Game seed: 6985206725616735140

259 Revguard the Skirmisher (level 5, 0/46 HPs)
             Began as a Demonspawn Fighter on May 12, 2022.
             Slain by a slime creature (15 damage)
             ... in the Dungeon (Sprint I: "Red Sonja").
             The game lasted 00:01:59 (395 turns).

Revguard the Skirmisher (Demonspawn Fighter)         Turns: 395, Time: 00:01:59

Health: 0/46       AC:  7    Str: 18    XL:     5   Next: 95%
Magic:  5/5        EV: 10    Int: 10    God:
Gold:   162        SH:  5    Dex: 12    Spells: 4/4 levels left

rFire   . . .      SeeInvis .   a - +0 long sword
rCold   . . .      Faith    .   c - +0 buckler
rNeg    . . .      Spirit   .   b - +0 scale mail
rPois   .          Reflect  .   (no helmet)
rElec   .          Harm     .   (no cloak)
rCorr   .          Rampage  .   (no gloves)
Will    .....      NoTele   +   (no boots)
Stlth   ..........              (no amulet)
HPRegen 0.15/turn               (no ring)
MPRegen 0.09/turn               (no ring)

@: no status effects
A: claws 1, spiny 1
a: no special abilities


You were in the Dungeon.
You visited 1 branch You collected 162 gold pieces.

Inventory:

Hand Weapons
 a - a +0 long sword (weapon)
Armour
 b - a +0 scale mail (worn)
 c - a +0 buckler (worn)
Wands
 k - a wand of polymorph (7)
Scrolls
 j - a scroll of blinking
Potions
 e - a potion of curing
 f - a potion of heal wounds
 g - a potion of haste
 h - 2 potions of magic


   Skills:
 + Level 5.8 Fighting
 + Level 4.8 Long Blades
 + Level 5.4 Armour
 + Level 4.3 Dodging
 + Level 5.2 Shields
 + Level 0.0 Invocations
 + Level 4.7 Evocations


You had 4 spell levels left.
You didn't know any spells.
Your spell library was empty.

Dungeon Overview and Level Annotations

Branches:
Dungeon (1/1)

Altars:
Makhleb
Xom
Jiyva
Lugonu


Innate Abilities, Weirdness & Mutations

You have sharp fingernails.
You are partially covered in sharp spines.


Message History

You start resting.
You feel a strong urge to attack something.
You start resting.
You are no longer berserk.
You are exhausted.
You feel yourself slow down.
You start resting.
You feel yourself speed up.
You start resting.
You recover from your berserk rage.
You start resting.
HP restored.
Things that are here:
a +0 scythe; a +0 robe; the human corpse of Sigmund You open the door.
Found 108 gold pieces.
There is an open door here.
You now have 81 gold pieces (gained 27).
You now have 108 gold pieces (gained 27).
You now have 135 gold pieces (gained 27).
You now have 162 gold pieces (gained 27).
You open the door.
A slime creature comes into view.
The slime creature quivers.
Found four altars.
The slime creature hits you!
There is an open door, spattered with blood here.
You slash the slime creature!
The slime creature is moderately wounded.
The slime creature is struck by your spines.
The slime creature hits you!
You hit the slime creature.
The slime creature is moderately wounded.
The slime creature is struck by your spines.
The slime creature hits you!
You hit the slime creature.
The slime creature is moderately wounded.
The slime creature is struck by your spines.
The slime creature hits you!
You die...

###################
#<.#..)..#.)'..#__#
#..').#..'..#..@J.+
#..#####'#####+#__#
#..# #..# ### #..#
#### #..# #⌠⌠# ####


You could see a slime creature.

Vanquished Creatures
  Sigmund (D)
  An ogre (D)
  Ijyb (D)
3 creatures vanquished.

Notes
Turn   | Place    | Note
-------+----------+-------------------------------------------
     0 | D        | Revguard the Demonspawn Fighter began the quest for the
                  | Orb.
     0 | D        | Reached XP level 1. HP: 18/18 MP: 1/1
     2 | D        | Noticed Ijyb
    12 | D        | Killed Ijyb
    13 | D        | Reached skill level 1 in Dodging
    13 | D        | Gained mutation: You are partially covered in sharp spines.
                  | [demonic ancestry]
    13 | D        | Reached XP level 2. HP: 25/25 MP: 2/2
    30 | D        | Noticed an ogre
    33 | D        | Killed an ogre
    34 | D        | Gained mutation: You have sharp fingernails. [demonic
                  | ancestry]
    34 | D        | Reached XP level 3. HP: 18/32 MP: 3/3
    34 | D        | Reached XP level 4. HP: 21/38 MP: 4/4
   182 | D        | Noticed Sigmund
   192 | D        | Killed Sigmund
   193 | D        | Reached skill level 5 in Fighting
   193 | D        | Reached skill level 5 in Armour
   193 | D        | Reached skill level 5 in Shields
   193 | D        | Reached XP level 5. HP: 24/46 MP: 5/5
   391 | D        | Found a burning altar of Makhleb.
   391 | D        | Found a viscous altar of Jiyva.
   391 | D        | Found a shimmering altar of Xom.
   391 | D        | Found a corrupted altar of Lugonu.
   391 | D        | Noticed a slime creature
   395 | D        | Slain by a slime creature

Illustrated notes

Levels and vault maps discovered:
D:        dungeon_sprint_1 [red_sonja_temple_1, red_sonja_temple_small_1]

Skill      XL: |  1  2  3  4 |
---------------+-------------+-----
Long Blades    | 2 3 4 |  4.8
Armour         | 3 4 5 |  5.4
Dodging        | 1 3 4 |  4.3
Shields        | 3 4 5 |  5.2
Evocations     | 2 3 4 |  4.7
Fighting       | 4 5 |  5.8

Action                   |  1- 3 |  4- 6 || total
-------------------------+-------+-------++-------
Melee: Long sword        |    11 |    10 ||    21
  Use: Potion            |     1 |     1 ||     2
Armor: Skin              |     4 |       ||     4
Dodge: Dodged            |     2 |     1 ||     3
Block: Buckler           |     4 |     1 ||     5
